 Dungeon Crawl Stone Soup version 0.32-a0-913-g739538afd8 (webtiles) character file.

Game seed: 9009256365055330546

21 GiantSquids the Shooter (level 2, -2/22 HPs)
             Began as a Coglin Hunter on Apr 7, 2024.
             Frozen to death by an endoplasm (5 damage)
             ... on level 2 of the Dungeon.
             The game lasted 00:00:42 (715 turns).

GiantSquids the Shooter (Coglin Hunter)              Turns: 715, Time: 00:00:43

Health: -2/22      AC:  4    Str: 11    XL:     2   Next: 87%
Magic:  2/2        EV: 11    Int:  8    God:
Gold:   88         SH:  0    Dex: 17    Spells: 1/1 levels left

rFire   . . .        a - +2 sling {Caihong}
rCold   . . .        d - +0 sling {Takurtum}
rNeg    . . .        c - +0 leather armour
rPois   .            (no helmet)
rElec   .            (no cloak)
rCorr   .            e - +0 pair of gloves
SInv    .            (no boots)
Will    .....        (amulet unavailable)
Stlth   ++           (ring unavailable)
HPRegen 0.23/turn    (ring unavailable)
MPRegen 0.08/turn    (no gizmo)

%: no passive effects
@: lethally poisoned (-2 -> -12), revved
A: off-hand wielding, slow wielding, warmup strikes, no jewellery
a: Invent Gizmo


You were on level 2 of the Dungeon.
You visited 1 branch of the dungeon, and saw 2 of its levels.

You collected 88 gold pieces.

Inventory:

Hand Weapons
 a - a +2 sling (weapon) {Caihong}
 d - a +0 sling (offhand) {Takurtum}
Armour
 c - a +0 leather armour (worn)
 e - a +0 pair of gloves (worn)
Scrolls
 b - a scroll of butterflies
 h - 2 scrolls of identify {unknown}
 i - a scroll of noise {unknown}
 j - a scroll of amnesia {unknown}
 k - a scroll of vulnerability {unknown}
Potions
 f - 2 potions of degeneration {unknown}
 g - a potion of berserk rage {unknown}


   Skills:
 - Level 2.0 Fighting
 + Level 4.4 Ranged Weapons
 - Level 1.7 Dodging
 - Level 0.7 Stealth


You had one spell level left.
You didn't know any spells.
Your spell library was empty.

Dungeon Overview and Level Annotations

Branches:
Dungeon (2/15)

Altars:


Innate Abilities, Weirdness & Mutations

You can wield a second weapon in your off-hand.
It takes a long time for you to wield or remove held weapons.
Your first few attacks do less damage.
You cannot equip rings or amulets.


Message History

You shoot a sling bullet.
The sling bullet closely misses the adder.
The sling bullet barely misses the adder.
You feel sick. The adder bites you. The adder barely misses you.
You shoot a sling bullet. The sling bullet hits the adder.
The adder is severely wounded.
You shoot a sling bullet.
The sling bullet closely misses the adder.
The sling bullet hits the adder!
The adder is almost dead.
You feel sick. The adder bites you but does no damage.
The adder closely misses you. The endoplasm completely misses you.
The adder bites you.
You are more poisoned.
The adder poisons you!
You shoot a sling bullet. The sling bullet misses the adder.
You shoot a sling bullet.
The sling bullet barely misses the adder.
You feel sick. The endoplasm freezes you.
You are frozen.
The adder bites you.
You are more poisoned.
The adder poisons you! The adder misses you. The adder barely misses you.
The endoplasm hits you but does no damage.
The adder bites you.
* * * LOW HITPOINT WARNING * * *
You shoot a sling bullet. The sling bullet hits the adder.
The adder is almost dead.
You shoot a sling bullet. The sling bullet misses the adder.
The sling bullet hits the hobgoblin.
The hobgoblin is lightly wounded.
* * * LOW HITPOINT WARNING * * *
You feel sick. The adder barely misses you. x2
The adder bites you but does no damage. The adder bites you.
* * * LOW HITPOINT WARNING * * *
You are more poisoned.
The adder poisons you! The endoplasm freezes you.
You are frozen.
You die... #. #.# #. .. ... .. . .# #.# #. .# ....... .. # .#.#. .# #. .Jg

..
##.#J#.#.#.#
#..S@Sg.....
##.#S#.#.#.#
.. ... .. #.
.#.#. .# #
....... # ##
### .. ###


You could see 3 adders, 2 endoplasms and 2 hobgoblins.

Vanquished Creatures
  4 bats (D:1)
  An endoplasm (D:1)
  A giant cockroach (D:1)
  A hobgoblin (D:1)
  4 jackals (D:1)
  3 kobolds (D:1)
  3 ball pythons (D:1)
  A goblin (D:1)
18 creatures vanquished.

Notes
Turn   | Place    | Note
-------+----------+-------------------------------------------
     0 | D:1      | GiantSquids the Coglin Hunter began the quest for the Orb.
     0 | D:1      | Reached XP level 1. HP: 16/16 MP: 1/1
   116 | D:1      | Reached skill level 4 in Ranged Weapons
   116 | D:1      | Reached XP level 2. HP: 19/22 MP: 2/2
   715 | D:2      | Frozen to death by an endoplasm

Illustrated notes

Levels and vault maps discovered:
D:1:      wander_arrival_chamber, layout_basic
D:2:      minmay_wonky_spiral, layout_basic, basic_altar, serial_shops,
          nicolae_diamond_shop, st_stairs_10, uniq_robin

Skill      XL: |  1 |
---------------+----+-----
Ranged Weapons | 4 |  4.4
Fighting       | |  2.0
Dodging        | |  1.7
Stealth        | |  0.7

Action                     || total
---------------------------++-------
   Fire: Sling             ||    92
 Armour: Leather armour    ||    20
  Dodge: Dodged            ||    17

Table legend: (Time is in decaauts)
 A = Elapsed time spent in this place.
 B = Non-inter-level travel time spent in this place.
 C = Inter-level travel time spent in this place.
 D = Time resting spent in this place.
 E = Time spent auto-exploring this place.
 F = Levels seen in this place.
 G = Mean time per level.
                   A        B        C        D        E       F      G
               +--------+--------+--------+--------+--------+-----+--------+
         Total |    725 |    675 |     50 |      0 |    579 |   2 |  362.5 |
       Dungeon |    725 |    675 |     50 |      0 |    579 |   2 |  362.5 |
               +--------+--------+--------+--------+--------+-----+--------+

Top non-repeatable levels by time:
     D:1: 719 daAuts
     D:2: 6 daAuts
